 Dungeon Crawl Stone Soup version 0.27-a0-1456-gf5a116941d (webtiles) character file.

Game seed: 14533643333337426295

857281 Delamore the Slayer (level 27, -1/242 HPs)
             Began as a Formicid Fighter on July 6, 2021.
             Was the Champion of the Shining One.
             Slain by a Tzitzimitl (12 damage)
             ... summoned by Ereshkigal
             ... on level 7 of Tartarus.
             The game lasted 02:09:10 (74700 turns).

Delamore the Slayer (Formicid Fighter)             Turns: 74700, Time: 02:09:10

Health: -1/242     AC: 48    Str: 50    XL:     27
Magic:  24/33      EV: 17    Int: 11    God:    the Shining One [******]
Gold:   3580       SH: 38    Dex: 15    Spells: 42/45 levels left

rFire    + + .     SeeInvis +   Q - +9 lajatang (holy)
rCold    + + .     Faith    .   b - +8 tower shield {AC+3}
rNeg     + + +     Spirit   .   U - +11 gold dragon scales
rPois    +         Reflect  .   (helmet unavailable)
rElec    +         Harm     .   C - scarf {rC+ rF+}
rCorr    +         Rampage  ∞   m - +1 pair of gloves of Kleptomania {rElec Str+10 Dex+3}
Will     +++++                  a - +3 pair of seven-league boots {Rampage+∞}
Stlth    ..........             Y - amulet "Odaheen" {Contam rElec rPois Regen+ Stlth+}
HPRegen  1.50/turn              X - ring "Waasan" {rPois Will+++ Str+6 Dex-2}
MPRegen  0.23/turn              x - ring "Nethry" {Drain Fly rCorr Dex+3 Slay+5}

@: mighty, flying, glowing, studying 4 skills
A: permanent stasis, dig shafts and tunnels, antennae 3, four strong arms,
hooves 1, iridescent scales 1, low mp 1, strong 2
}: 5/15 runes: serpentine, barnacled, slimy, silver, abyssal
a: Dig, Shaft Self, Renounce Religion, Divine Shield, Cleansing Flame, Summon
Divine Warrior


You were on level 7 of Tartarus.
You worshipped the Shining One.
The Shining One was exalted by your worship.
You visited 13 branches of the dungeon, and saw 61 of its levels.
You visited the Abyss 1 time.
You visited 1 ziggurat, and saw 17 of its levels.
You also visited: Sewer, Bailey, Gauntlet and Ice Cave.

You collected 41388 gold pieces.
You spent 10246 gold pieces at shops.
You paid 27562 gold pieces to Gozag.

Inventory:

Hand Weapons
 H - a +5 vampiric lajatang
 I - a +9 lajatang of electrocution
 Q - a +9 lajatang of holy wrath (weapon)
Missiles
 e - 121 boomerangs
 o - 48 javelins
 y - 11 throwing nets
 S - 8 curare-tipped darts
 T - 46 silver javelins (quivered)
 W - 8 boomerangs of dispersal
Armour
 a - the +3 pair of seven-league boots (worn) {Rampage+∞}
   (You bought it in a shop on level 9 of the Dungeon)
 b - a +8 tower shield of protection (worn)
 m - the +1 pair of gloves of Kleptomania (worn) {rElec Str+10 Dex+3}
   (You found it on level 6 of the Lair of Beasts)

   Str:       It affects your strength (+10).
   Dex:       It affects your dexterity (+3).
   rElec:     It insulates you from electricity.
 C - a scarf of resistance (worn)
 U - +11 gold dragon scales (worn)
Jewellery
 u - the amulet of Compassion {Will+ Regen+}
   (You found it on level 3 of the Crypt)

   [amulet of regeneration]

   Regen:     It increases your rate of health regeneration.
   Will:      It increases your willpower.
 x - the ring "Nethry" (right hand) {Drain Fly rCorr Dex+3 Slay+5}
   (You bought it in a shop on level 2 of the Lair of Beasts)

   [ring of flight]

   Dex:       It affects your dexterity (+3).
   Slay:      It affects your accuracy & damage with ranged weapons and melee
   (+5).
   Fly:       It grants you flight.
   rCorr:     It protects you from acid and corrosion.
   Drain:     It drains your maximum health when unequipped.
 B - the amulet "Eduutu" {Fly Regen+ SInv Stlth+}
   (You found it on level 7 of Tartarus)

   [amulet of regeneration]

   SInv:      It lets you see invisible.
   Fly:       It grants you flight.
   Regen:     It increases your rate of health regeneration.
   Stlth:     It makes you more stealthy.
 X - the ring "Waasan" (left hand) {rPois Will+++ Str+6 Dex-2}
   (You acquired it on level 4 of the Vaults)

   [ring of strength]

   Str:       It affects your strength (+6).
   Dex:       It affects your dexterity (-2).
   rPois:     It protects you from poison.
   Will:      It greatly increases your willpower.
 Y - the amulet "Odaheen" (around neck) {Contam rElec rPois Regen+ Stlth+}
   (You took it off an efreet on level 12 of the Dungeon)

   [amulet of regeneration]

   rElec:     It insulates you from electricity.
   rPois:     It protects you from poison.
   Contam:    It causes magical contamination when unequipped.
   Regen:     It increases your rate of health regeneration.
   Stlth:     It makes you more stealthy.
Wands
 j - a wand of mindburst (144)
 r - a wand of iceblast (96)
 s - a wand of charming (27)
 t - a wand of paralysis (35)
 F - a wand of acid (26)
 K - a wand of flame (101)
Scrolls
 c - 61 scrolls of identify
 i - a scroll of enchant weapon
 v - 18 scrolls of fog
 w - 6 scrolls of silence
 z - 4 scrolls of immolation
 D - 9 scrolls of fear
 E - 2 scrolls of amnesia
 G - 10 scrolls of noise
 J - 3 scrolls of holy word
 M - 2 scrolls of summoning
 R - 7 scrolls of magic mapping
Potions
 d - 6 potions of might
 g - 4 potions of resistance
 h - a potion of brilliance
 k - 7 potions of cancellation
 p - 6 potions of mutation
 A - 21 potions of curing
 P - 2 potions of ambrosia
Miscellaneous
 l - a phantom mirror
 n - a tin of tremorstones (inert)
 q - a phial of floods
 Z - a box of beasts


   Skills:
 - Level 25.0 Fighting
 - Level 22.1 Staves
 - Level 22.1 Throwing
 - Level 22.5 Armour
 - Level 16.1 Dodging
 - Level 17.1 Stealth
 - Level 22.9 Shields
 + Level 9.7 Spellcasting
 + Level 9.0 Translocations
 + Level 10.1 Invocations
 - Level 22.5 Evocations


You had 42 spell levels left.
You knew the following spells:

 Your Spells              Type           Power      Damage    Failure   Level
a - Lesser Beckoning      Tloc           12%        N/A       3%          3

Your spell library contained the following spells:

 Spells                   Type           Power      Damage    Failure   Level
 Gell's Gravitas          Tloc           12%        N/A       3%          3
 Teleport Other           Tloc           25%        N/A       3%          3
 Passage of Golubria      Tloc           N/A        N/A       12%         4
 Portal Projectile        Hex/Tloc       30%        N/A       22%         3
 Manifold Assault         Tloc           25%        N/A       32%         5
 Animate Skeleton         Necr           10%        N/A       43%         1
 Foxfire                  Conj/Fire      20%        2x1d5     43%         1
 Magic Dart               Conj           20%        1d4       43%         1
 Pain                     Necr           20%        1d5       43%         1
 Sandblast                Erth           10%        2d5       43%         1
 Shock                    Conj/Air       20%        1d4       43%         1
 Sting                    Tmut/Pois      20%        1d4       43%         1
 Summon Small Mammal      Summ           20%        N/A       43%         1
 Call Imp                 Summ           5%         N/A       56%         2
 Corpse Rot               Necr/Air       N/A        N/A       56%         2
 Ensorcelled Hibernation  Hex/Ice        10%        N/A       56%         2
 Passwall                 Tmut/Erth      4%         N/A       56%         2
 Poisonous Vapours        Pois/Air       10%        N/A       56%         2
 Searing Ray              Conj           10%        3d3       56%         2
 Slow                     Hex            5%         N/A       56%         2
 Static Discharge         Conj/Air       5%         N/A       56%         2
 Sublimation of Blood     Necr           2%         N/A       56%         2
 Iskenderun's Mystic Bla  Conj/Tloc      15%        2d5       58%         4
 Call Canine Familiar     Summ           5%         N/A       80%         3
 Confusing Touch          Hex            5%         N/A       80%         3
 Conjure Flame            Conj/Fire      5%         6-21      80%         3
 Dazzling Flash           Conj/Hex       10%        N/A       80%         3
 Frozen Ramparts          Ice            10%        1d3       80%         3
 Inner Flame              Hex/Fire       5%         N/A       80%         3
 Mephitic Cloud           Conj/Pois/Air  5%         N/A       80%         3
 Ozocubu's Armour         Ice            5%         N/A       80%         3
 Spider Form              Tmut/Pois      2%         N/A       80%         3
 Stone Arrow              Conj/Erth      10%        3d7       80%         3
 Summon Guardian Golem    Hex/Summ       5%         N/A       80%         3
 Tukima's Dance           Hex            5%         N/A       80%         3
 Vampiric Draining        Necr           2%         2d6       80%         3
 Dispersal                Tloc           12%        N/A       87%         6
 Summon Forest            Summ/Tloc      7%         N/A       90%         5
 Airstrike                Air            2%         N/A       99%         4
 Animate Armour           Summ/Erth      10%        N/A       99%         4
 Animate Dead             Necr           2%         N/A       99%         4
 Cause Fear               Hex            2%         N/A       99%         4
 Dispel Undead            Necr           5%         3d7       99%         4
 Fulminant Prism          Conj/Hex       2%         3d6       99%         4
 Hailstorm                Conj/Ice       5%         3d4       99%         4
 Ice Form                 Ice/Tmut       5%         N/A       99%         4
 Leda's Liquefaction      Hex/Erth       2%         N/A       99%         4
 Olgreb's Toxic Radiance  Pois           5%         N/A       99%         4
 Petrify                  Tmut/Erth      5%         N/A       99%         4
 Sticky Flame             Conj/Fire      5%         2d3       99%         4
 Summon Ice Beast         Ice/Summ       5%         N/A       99%         4
 Summon Lightning Spire   Summ/Air       5%         N/A       99%         4
 Agony                    Necr           5%         N/A       100%        5
 Blade Hands              Tmut           2%         N/A       100%        5
 Bolt of Magma            Conj/Fire/Erth 2%         4d4       100%        5
 Borgnjor's Vile Clutch   Necr/Erth      2%         N/A       100%        5
 Excruciating Wounds      Necr           2%         N/A       100%        5
 Fireball                 Conj/Fire      2%         3d4       100%        5
 Freezing Cloud           Conj/Ice/Air   2%         6-21      100%        5
 Irradiate                Conj/Tmut      2%         3d14      100%        5
 Iskenderun's Battlesphe  Conj           5%         2d6       100%        5
 Lee's Rapid Deconstruct  Erth           2%         3d6*      100%        5
 Lightning Bolt           Conj/Air       2%         1d14      100%        5
 Metabolic Englaciation   Hex/Ice        2%         N/A       100%        5
 Silence                  Hex/Air        2%         N/A       100%        5
 Summon Mana Viper        Hex/Summ       5%         N/A       100%        5
 Yara's Violent Unravell  Hex/Tmut       2%         3d3       100%        5
 Conjure Ball Lightning   Conj/Air       2%         3x3d6     100%        6
 Death Channel            Necr           2%         N/A       100%        6
 Invisibility             Hex            2%         N/A       100%        6
 Iron Shot                Conj/Erth      2%         9d2       100%        6
 Shadow Creatures         Summ           N/A        N/A       100%        6
 Simulacrum               Ice/Necr       2%         N/A       100%        6
 Starburst                Conj/Fire      2%         8x6d3     100%        6
 Statue Form              Tmut/Erth      3%         N/A       100%        6
 Dragon Form              Tmut           2%         N/A       100%        7
 Haunt                    Necr/Summ      2%         N/A       100%        7
 Malign Gateway           Summ/Tloc      7%         N/A       100%        7
 Orb of Destruction       Conj           2%         9d1       100%        7
 Ozocubu's Refrigeration  Ice            2%         4d5       100%        7
 Spellforged Servitor     Conj/Summ      2%         N/A       100%        7
 Storm Form               Tmut/Air       2%         N/A       100%        7
 Borgnjor's Revivificati  Necr           2%         N/A       100%        8
 Discord                  Hex            2%         N/A       100%        8
 Ignition                 Fire           2%         3d3       100%        8
 Infestation              Necr           2%         N/A       100%        8
 Lehudib's Crystal Spear  Conj/Erth      2%         10d2      100%        8
 Maxwell's Capacitive Co  Air            2%         ∞         100%        8
 Necromutation            Tmut/Necr      2%         N/A       100%        8
 Summon Horrible Things   Summ           2%         N/A       100%        8
 Chain Lightning          Conj/Air       2%         3d3       100%        9
 Death's Door             Necr           2%         N/A       100%        9
 Dragon's Call            Summ           2%         N/A       100%        9
 Fire Storm               Conj/Fire      2%         8d1       100%        9
 Shatter                  Erth           2%         3d6*      100%        9
 Blink                    Tloc           Unusable   N/A       N/A         2
 Swiftness                Air            Unusable   N/A       N/A         3

Dungeon Overview and Level Annotations

Branches:
Dungeon (15/15)            Temple (1/1) D:4            Lair (6/6) D:9
 Shoals (4/4) Lair:2        Snake (4/4) Lair:2        Slime (5/5) Lair:5
    Orc (2/2) D:9             Elf (0/3) Orc:2        Vaults (5/5) D:14
  Crypt (3/3) Vaults:3       Tomb (0/3) Crypt:3      Depths (5/5) D:15
   Hell (visited)             Dis (0/7) Hell            Geh (0/7) Hell
    Coc (0/7) Hell            Tar (1/7) Hell            Zot (5/5) Depths:5
  Sewer (visited)          Bailey (visited)           IceCv (visited)
Gauntlet (visited)

Altars:
Ashenzari
Cheibriados
Dithmenos
Elyvilon
Fedhas
Gozag
Hepliaklqana
Makhleb
Okawaru
Qazlal
Ru
Sif Muna
Trog
Uskayaw
Vehumet
Wu Jian
Xom
Yredelemnul
Zin
The Shining One
Beogh
Jiyva

Shops:
D:7 (   D:8 [   D:9 =[   D:10 *   D:13 *   D:14 =[   D:15 ?   Orc:2 [([?
Lair:2 =   Shoals:2 !   Snake:1 [   Snake:4 :=:*   Vaults:1 *   Vaults:2 [(*!
Zot:3 =   Depths:1 *?(   Depths:4 ?

Portals:
Hell: Depths:1 Depths:2 Depths:3 Depths:4 Depths:5
Abyss: Depths:1 Depths:4
Pandemonium: Depths:1 Depths:3 Depths:5
Trove: Depths:1 (give +3 storm dragon scales)

Annotations:
Lair:2 2 transporters, Ymeruj's ghost, journeyman MiBe
Lair:4 exclusion: 2 oklob plants
Tar:7 Ereshkigal


Innate Abilities, Weirdness & Mutations

You cannot be hasted, slowed, berserked, paralysed or teleported.
You can dig through walls and to a lower floor.
You have a pair of large antennae on your head. (SInv)
Your four strong arms can wield two-handed weapons with a shield.
You have large cloven feet.
You are partially covered in iridescent scales. (AC +2)
Your magical capacity is low. (-10% MP)
Your muscles are very strong. (Str +4)


Message History

Your body is wracked with pain!
* * * LOW HITPOINT WARNING * * *
A fire dragon skeleton comes into view.
Okay, then.
The golden flame engulfs you but does no damage.
The golden flame engulfs the reaper!!
The reaper writhes in agony!
The reaper is heavily wounded.
The golden flame engulfs Ereshkigal!
Ereshkigal writhes in agony!
Ereshkigal is moderately wounded.
The golden flame engulfs the Tzitzimitl!!
The Tzitzimitl writhes in agony!
The Tzitzimitl is moderately wounded.
The golden flame engulfs the Tzitzimitl!!
The Tzitzimitl writhes in agony!
The Tzitzimitl is moderately wounded.
The golden flame engulfs the wolf spider zombie!!!
The wolf spider zombie writhes in agony!
The wolf spider zombie is severely damaged.
The golden flame engulfs the Tzitzimitl!!!
The Tzitzimitl writhes in agony!
The Tzitzimitl is heavily wounded.
The golden flame engulfs the Tzitzimitl!!
The Tzitzimitl writhes in agony!
The Tzitzimitl is moderately wounded.
The golden flame engulfs the Tzitzimitl!
The Tzitzimitl writhes in agony!
The Tzitzimitl is lightly wounded.
The golden flame engulfs the Tzitzimitl.
The Tzitzimitl writhes in agony!
The Tzitzimitl is lightly wounded.
You block Ereshkigal's attack.
You block the wolf spider zombie's attack. x2
You block the reaper's attack. The Tzitzimitl misses you.
The Tzitzimitl barely misses you. The Tzitzimitl misses you.
The Tzitzimitl bites you but does no damage.
The Tzitzimitl calls on the powers of darkness!
Your body is wracked with pain!
* * * LOW HITPOINT WARNING * * *
The Tzitzimitl misses you. The Tzitzimitl bites you!
You die...

,,******,,#..#..).#).#..######..#
,,*,,,*,,{#......))..#...#...#..#
***,*+*,,,##....))Z.##...#'#.###.
*,,,*,**,**###)'))#####.##)#...#.
*,*,*,,,,*,#........#,#...)#.#.#.
*,*,*,,,,*,#........#,#....#.#.##
,,*,*,,,,*,#........#,#....#.#...
,**,*,,,,*,##..21..##,#....#.##.#
,*,,*,*,**,,#.1.@1.#,,##.#.#..#..
**,**,*,*,,,##1&Z1##,,,#.#.##.##.
*,,*,,*,*,,,,##'1##,,,,#.#..*,,*#
,,**,**,*,,,,,.....,,,,#.##.#*,,*
,**,,*,,*,,,,........,,#..*..**,,
**,,**,,**,,..........#*,,**,,***
,,,**,,,,*,...........#,,,,**,,,*
,***,,**+*#..........##+**,,***,,
**,,,**,,*+#........#+*,,**,,,***


You could see Ereshkigal, 6 Tzitzimimeh, a reaper, a wolf spider zombie and a
fire dragon skeleton.

Vanquished Creatures
  the Royal Jelly (Slime:5)
  10 pandemonium lords
  the Serpent of Hell (Tar:7)
  5 orbs of fire
  7 dread liches
  5 ancient liches
  2 juggernauts
  4 royal mummies (Zig:12)
  8 Killer Klowns
  A shard shrike (Zig:15)
  Bai Suzhen (Shoals:4)
  Frederick (Crypt:1)
  Xtahua (Crypt:3)
  A curse toe (Zot:4)
  Vashnia (Snake:3)
  2 caustic shrikes
  10 golden dragons
  Nikola (Depths:2)
  9 bone dragons
  A profane servitor (Crypt:1)
  2 doom hounds (Tar:7)
  3 hellephants (Abyss:4)
  6 Tzitzimimeh (Tar:7)
  Jorgrun (Orc:2)
  2 electric golems
  14 tentacled monstrosities
  Rupert (D:14)
  An Ice Fiend (Zig:11)
  7 liches
  2 Hell Sentinels (Zig:11)
  15 acid blobs
  A shard shrike skeleton (Crypt:1)
  Asterion (Depths:1)
  6 quicksilver dragons
  20 Orb Guardians (Zot:5)
  4 titans
  Polyphemus (Shoals:3)
  2 Executioners (Zig:11)
  Murray (Hell)
  3 krakens
  5 sphinxes
  4 ancient champions
  10 death cobs
  9 tentacled starspawn
  11 draconian monks
  17 storm dragons
  Kirke (D:12)
  18 shadow dragons
  12 rockslimes
  9 tengu reavers
  The ghost of Jyammont the Fencer, an adept DrGl of Ashenzari (Depths:4)
  12 azure jellies
  Ilsuiw (Shoals:3)
  7 revenants
  5 iron dragons
  A fenstrider witch (shapeshifter) (Zig:17)
  5 nagarajas (Snake:4)
  12 vault wardens
  10 frost giants
  11 draconian scorchers
  6 fire giants
  A cacodemon (Zig:11)
  2 spectral juggernauts (Depths:4)
  11 draconian knights
  4 ghost moths
  A warmonger (Zig:11)
  A spectral caustic shrike (Depths:4)
  A juggernaut zombie (Zig:12)
  6 draconian shifters
  2 curse skulls
  6 orc warlords
  6 spriggan defenders
  5 ghouls
  4 balrugs
  9 war gargoyles
  A blood saint (Zig:11)
  A stone giant (shapeshifter) (Zig:17)
  27 ironbound preservers
  12 draconian annihilators
  10 quicksilver oozes
  19 reapers
  An ophan (Zig:6)
  2 deep elf elementalists
  10 draconian stormcallers
  28 very ugly things
  22 stone giants
  4 lorocyprocas
  7 red draconians
  2 elemental wellsprings (Shoals:2)
  7 vampire knights
  11 black draconians
  13 purple draconians
  15 white draconians
  4 entropy weavers
  11 green draconians
  A minotaur (Gauntlet)
  A bunyip (shapeshifter) (Vaults:5)
  3 bunyips (Zig:10)
  7 dire elephants
  9 spark wasps
  A spectral titan (Crypt:3)
  12 yellow draconians
  10 eidola
  Snorg (Orc:2)
  4 deep elf death magi
  9 blizzard demons
  9 merfolk javelineers
  2 green deaths
  2 eleionomae (Zig:10)
  7 fire dragons
  7 merfolk impalers
  A crystal guardian (Vaults:4)
  10 jiangshi
  13 ettins
  2 spectral krakens (Tar:7)
  Josephine (D:15)
  4 rakshasas
  3 deep elf high priests
  4 mummy priests
  16 great orbs of eyes
  9 yaktaur captains
  A great orb of eyes (shapeshifter) (Zig:14)
  10 vault guards
  19 hydras
  5 ironbound thunderhulks
  Fannar (Orc:1)
  5 spriggan air magi
  9 ice dragons
  A hell beast (Zig:2)
  15 naga warriors
  2 merfolk avatars (Shoals:4)
  5 boulder beetles
  14 ironbound frosthearts
  A spectral shadow dragon (Depths:4)
  5 catoblepae
  14 anacondas
  Erica (Orc:1)
  5 salamander tyrants
  An ogre mage (Vaults:5)
  2 merfolk aquamancers (Shoals:4)
  A peacekeeper (Vaults:4)
  19 centaur warriors
  7 death knights
  5 satyrs
  A death scarab (Zig:12)
  3 alligators (Zig:10)
  8 tengu warriors
  Urug (D:14)
  9 hell hogs (Depths:1)
  5 deep troll shamans
  4 alligator snapping turtles (Shoals:4)
  11 two-headed ogres
  7 orc high priests
  19 death yaks
  9 shock serpents
  5 ironbound beastmasters
  8 deep troll earth magi
  14 thrashing horrors
  A deep elf knight (D:13)
  4 vampire magi (Crypt:1)
  18 naga sharpshooters
  3 spriggan berserkers
  9 soul eaters
  A spectral elf (Depths:4)
  2 sun demons
  12 iron trolls
  13 wretched stars
  A spark wasp zombie (D:15)
  17 hell knights
  19 shadow wraiths
  Nergalle (Lair:2)
  A salamander mystic (Snake:3)
  4 spatial maelstroms
  33 skeletal warriors
  A titan skeleton (Zig:15)
  A death drake (Tar:7)
  14 sea snakes
  2 glowing orange brains
  10 shadow demons (Tar:7)
  84 deep trolls
  2 death drakes (shapeshifter)
  An orange crystal statue (Zig:9)
  17 ironbound convokers
  2 obsidian statues
  2 bog bodies (Crypt:3)
  4 swamp dragons
  14 orc knights
  12 flayed ghosts
  An anaconda zombie (Hell)
  9 naga ritualists
  A spriggan druid (Depths:4)
  6 lindwurms
  5 necromancers
  33 phantasmal warriors
  A spectral iron dragon (Depths:4)
  17 wizards
  5 deep elf pyromancers
  2 golden dragon skeletons
  16 harpies
  A sphinx zombie (Vaults:5)
  A frost giant zombie (Zig:15)
  A tengu zombie (Zig:15)
  An anaconda skeleton (Hell)
  2 stone giant zombies
  5 shining eyes
  44 ugly things
  An orb spider (Zig:7)
  A wolf spider (shapeshifter) (Zig:14)
  6 fauns
  10 orc sorcerers
  16 mana vipers
  An iron dragon skeleton (Zig:15)
  4 fire giant zombies
  A cyclops (shapeshifter) (Zig:14)
  2 iron dragon zombies
  A will-o-the-wisp (Abyss:3)
  10 salamanders
  A shadow dragon skeleton (Vaults:5)
  18 manticores
  11 cyclopes
  9 elephants
  6 guardian serpents
  2 worldbinders
  8 apocalypse crabs
  10 rust devils
  8 smoke demons
  34 moths of wrath
  A spriggan zombie (Zig:15)
  4 eyes of devastation
  22 vault sentinels
  7 merfolk sirens (Shoals:4)
  6 ice statues
  An orange demon (Depths:3)
  19 naga magi
  8 water nymphs
  43 black mambas
  4 spectral swamp worms (Tar:7)
  2 rime drakes (Lair:2)
  4 molten gargoyles
  28 yaktaurs
  3 unseen horrors
  Maggie (D:6)
  19 freezing wraiths
  13 komodo dragons
  14 ice devils
  A yaktaur (shapeshifter) (D:15)
  A hellion (Depths:1)
  A human zombie (Vaults:5)
  3 catoblepas zombies
  2 unseen horrors (shapeshifter)
  3 tormentors
  An efreet (D:12)
  30 cane toads
  2 golden dragon simulacra (Depths:4)
  4 tengu conjurers
  3 hellwings
  7 red devils
  11 guardian mummies
  14 trolls
  A queen bee (shapeshifter) (Zig:17)
  7 ancient zymes
  A tyrant leech (shapeshifter) (Depths:2)
  17 merfolk
  2 tengu simulacra (Depths:4)
  A hydra zombie (Hell)
  3 tyrant leeches (Lair:6)
  A silent spectre (Abyss:4)
  7 wind drakes
  A polar bear (shapeshifter) (Abyss:3)
  4 polar bears
  A spectral harpy (Crypt:3)
  5 jumping spiders
  19 hornets
  A raiju (shapeshifter) (Abyss:2)
  A harpy skeleton (Abyss:3)
  42 blink frogs
  11 raiju
  16 dream sheep
  A boulder beetle zombie (Crypt:1)
  13 snapping turtles
  72 slime creatures
  A dream sheep (shapeshifter) (Vaults:5)
  A stone giant simulacrum (Abyss:1)
  An alligator zombie (Hell)
  3 ettin zombies
  20 flying skulls
  A meliai zombie (Crypt:2)
  43 starcursed masses
  12 ynoxinuls
  Sigmund (D:4)
  2 alligator skeletons (Hell)
  An ice dragon skeleton (Tar:7)
  3 elf zombies
  8 redbacks
  16 spriggans
  9 shadows
  A wyvern (shapeshifter) (D:14)
  4 vampires
  A wind drake zombie (Crypt:1)
  16 humans (D:14)
  3 tarantellas
  24 wraiths
  An ushabti (Zig:12)
  A yak (shapeshifter) (D:12)
  4 golden eyes (Slime:3)
  9 water elementals
  A fire elemental (Zig:5)
  A golden eye (shapeshifter) (D:12)
  13 chaos spawn
  A hog (shapeshifter) (D:13)
  5 neqoxecs
  A wyvern (Lair:4)
  33 yaks
  5 basilisks
  3 death yak simulacra
  19 small abominations
  6 vampire mosquitoes (Lair:6)
  4 wargs
  A harpy simulacrum (IceCv)
  An elf skeleton (Zig:15)
  7 spatial vortices
  Duvessa (D:6)
  Edmund (D:4)
  49 nagas
  3 hell hounds (Tar:1)
  A hydra simulacrum (Hell)
  2 floating eyes
  18 water moccasins
  A gelid demonspawn skeleton (Crypt:3)
  20 large abominations
  2 floating eyes (shapeshifter)
  A swamp drake (Zig:10)
  A black bear (shapeshifter) (Zig:17)
  2 ice beasts
  2 torturous demonspawn skeletons
  59 orc warriors
  A black mamba simulacrum (Abyss:3)
  A black bear (D:6)
  9 necrophages
  10 ogres
  4 wolves (Gauntlet)
  A manticore zombie (Crypt:3)
  A tengu (shapeshifter) (D:13)
  18 boggarts
  12 centaurs
  A manticore skeleton (Hell)
  A rime drake zombie (Crypt:1)
  2 phantoms
  2 salamander zombies
  3 kobold brigands
  28 bullfrogs
  A cane toad simulacrum (IceCv)
  3 earth elementals (Abyss:3)
  3 two-headed ogre simulacra
  2 glowing shapeshifter simulacra (Depths:4)
  2 gnoll sergeants
  A wyvern skeleton (D:7)
  Dowan (D:6)
  A cyclops skeleton (Crypt:3)
  3 elephant simulacra
  9 wights
  6 electric eels
  6 quasits
  An iron imp (Abyss:1)
  4 centaur zombies
  2 hounds (D:5)
  22 orc priests
  A centaur skeleton (D:6)
  Crazy Yiuf (D:3)
  26 orc wizards
  3 iguanas
  Natasha (thrice) (D:4)
  5 hell rats
  4 spriggan simulacra
  A troll simulacrum (IceCv)
  2 polar bear simulacra (IceCv)
  A wolf simulacrum (IceCv)
  A killer bee zombie (D:9)
  A naga skeleton (Crypt:3)
  2 demigod skeletons (Crypt:2)
  An ogre skeleton (Crypt:2)
  13 mummies
  A hound skeleton (D:4)
  A howler monkey zombie (D:9)
  10 adders
  22 gnolls
  12 river rats
  A gnoll zombie (D:6)
  4 naga simulacra
  2 orc zombies (D:6)
  6 white imps
  5 ufetubi
  2 adder zombies
  An iguana zombie (Crypt:3)
  4 worms (Sewer)
  A barachi zombie (Crypt:3)
  4 dart slugs
  96 orcs
  9 ball pythons
  11 bats
  10 endoplasms
  3 giant cockroaches
  3 goblins
  12 hobgoblins
  15 jackals
  36 kobolds
  7 quokkas
  A quokka (shapeshifter) (Vaults:5)
  A ball python skeleton (Crypt:3)
  A frilled lizard (D:3)
  A giant cockroach zombie (D:1)
  A goblin zombie (Crypt:3)
  2 kobold skeletons
  A quokka skeleton (Crypt:2)
  15 rats
  2 ball lightnings (Zig:17)
  8 starspawn tentacles
  6 tentacles
3116 creatures vanquished.

Vanquished Creatures (collateral kills)
  Sojobo (Crypt:3)
  Geryon (Hell)
  3 titans (Vaults:5)
  2 tengu reavers
  A storm dragon (Vaults:5)
  A shadow dragon (Vaults:5)
  2 fire giants (Vaults:5)
  A draconian scorcher (Zig:13)
  An ironbound preserver (Vaults:5)
  A reaper (Hell)
  A draconian stormcaller (Zig:13)
  A war gargoyle (Vaults:5)
  A yellow draconian (Zot:5)
  2 vault guards (Vaults:5)
  A two-headed ogre (Vaults:5)
  A hell knight (Hell)
  2 ironbound convokers (Vaults:5)
  2 phantasmal warriors
  2 vault sentinels (Vaults:5)
  A red devil (Zig:11)
  A swamp worm (shapeshifter) (Vaults:5)
  A warg (Vaults:5)
30 creatures vanquished.

Vanquished Creatures (others)
  An orb of fire (Zot:5)
  2 ancient liches
  4 Killer Klowns
  2 golden dragons
  Jory (Vaults:5)
  An electric golem (Zot:5)
  5 Orb Guardians (Zot:5)
  A tentacled monstrosity (Zot:5)
  A titan (Vaults:5)
  A death cob (Zot:5)
  2 storm dragons (Zot:5)
  A tengu reaver (Vaults:5)
  A draconian monk (Zot:5)
  2 deep elf sorcerers (Vaults:5)
  2 draconian scorchers
  A draconian knight (Zot:5)
  A draconian annihilator (Zot:5)
  2 ghost moths
  An ironbound preserver (Vaults:5)
  2 green draconians (Zot:5)
  A stone giant (Vaults:5)
  2 white draconians (Zot:5)
  A purple draconian (Zot:4)
  A black draconian (Zot:5)
  A deep elf annihilator (Vaults:5)
  A yellow draconian (Zot:5)
  3 yaktaur captains (Vaults:5)
  An ice dragon (Depths:4)
  An ogre mage (Vaults:5)
  21 vault guards (Vaults:5)
  A two-headed ogre (Vaults:5)
  A hell hog (Depths:1)
  A sun demon (Depths:3)
  An orc knight (Vaults:5)
  2 spriggan druids (Depths:4)
  A flayed ghost (Vaults:5)
  A goliath frog (Zig:10)
  An ironbound convoker (Vaults:5)
  A phantasmal warrior (D:13)
  A tengu skeleton (Vaults:5)
  A vault sentinel (Vaults:5)
  3 apocalypse crabs (Zig:17)
  2 moths of wrath (Zot:5)
  A yaktaur (shapeshifter) (Zig:17)
  A tengu conjurer (Depths:2)
  A chaos spawn (Zig:17)
  An elf simulacrum (Vaults:5)
  A boggart (Vaults:1)
  An orc wizard (Vaults:5)
  An ufetubus (IceCv)
  3 orcs (Vaults:5)
  7 ball lightnings (Zig:17)
  A bush (Lair:6)
  18 fungi
  A lurking horror (Abyss:3)
  229 plants
  15 starspawn tentacles
  36 tentacles
  6 withered plants (D:15)
407 creatures vanquished.

Grand Total: 3553 creatures vanquished

Notes
Turn   | Place    | Note
-------+----------+-------------------------------------------
     0 | D:1      | Delamore the Formicid Fighter began the quest for the Orb.
     0 | D:1      | Reached XP level 1. HP: 18/18 MP: 1/1
    88 | D:1      | Reached XP level 2. HP: 19/24 MP: 2/2
   393 | D:1      | Reached XP level 3. HP: 25/30 MP: 3/3
   715 | D:1      | Found a faded altar of an unknown god.
  1061 | D:2      | Reached XP level 4. HP: 37/37 MP: 4/4
  1324 | D:2      | Reached skill level 4 in Fighting
  1341 | D:2      | Got the Grimoire of Weightlessness
  1988 | D:3      | Reached XP level 5. HP: 22/43 MP: 5/5
  2418 | D:3      | Found a runed translucent door.
  2419 | D:3      | Noticed Crazy Yiuf
  3002 | D:3      | Killed Crazy Yiuf
  3494 | D:4      | Noticed a necrophage
  3501 | D:4      | Killed a necrophage
  3502 | D:4      | Reached skill level 5 in Fighting
  3502 | D:4      | Reached skill level 5 in Staves
  3502 | D:4      | Reached XP level 6. HP: 51/51 MP: 6/6
  3814 | D:4      | Noticed Natasha
  3821 | D:4      | Killed Natasha
  3927 | D:4      | Noticed Edmund
  3956 | D:4      | Killed Edmund
  3957 | D:4      | Reached XP level 7. HP: 16/56 MP: 7/7
  4301 | D:4      | Noticed Natasha
  4312 | D:4      | Killed Natasha
  4372 | D:4      | Noticed Sigmund
  4379 | D:4      | Killed Sigmund
  4429 | D:4      | Found a staircase to the Ecumenical Temple.
  4455 | Temple   | Entered the Ecumenical Temple
  4523 | Temple   | Became a worshipper of Gozag Ym Sagoz the Greedy
  4540 | D:4      | Noticed Natasha
  4545 | D:4      | Killed Natasha
  4660 | D:4      | Found a hide-covered altar of Uskayaw.
  5014 | D:5      | Entered Level 5 of the Dungeon
  5036 | D:5      | Reached XP level 8. HP: 57/62 MP: 8/8
  5237 | D:5      | Found a glowing drain.
  5255 | Sewer    | Entered a sewer
  6633 | D:6      | Reached skill level 10 in Staves
  6633 | D:6      | Reached XP level 9. HP: 68/68 MP: 9/9
  6656 | D:6      | Noticed Dowan
  6668 | D:6      | Killed Dowan
  6671 | D:6      | Noticed Duvessa
  6684 | D:6      | Killed Duvessa
  6907 | D:6      | Found a sacrificial altar of Ru.
  7156 | D:6      | Noticed Maggie
  7167 | D:6      | Killed Maggie
  7266 | D:6      | Identified the +4 chain mail of the Stag {rElec rPois Str+9
                  | Dex-3}
  7338 | D:6      | Found a transporter.
  7373 | D:6      | Found a transporter.
  7672 | D:6      | Identified the +5 hand axe "Oxofuerec" {drain, Str+2 SInv
                  | Stlth-}
  8528 | D:7      | Noticed a hornet
  8533 | D:7      | Killed a hornet
  8534 | D:7      | Reached XP level 10. HP: 74/74 MP: 10/10
  8751 | D:7      | Found a blossoming altar of Fedhas.
  8751 | D:7      | Found a shadowy altar of Dithmenos.
  8952 | D:8      | Identified a scroll of acquirement
  8952 | D:8      | Acquired 1104 gold pieces
  8955 | D:8      | Bought a +2 pair of boots of flying for 344 gold pieces
  8955 | D:8      | Bought the +1 pair of gloves of Makhleb {Drain Str+7} for
                  | 409 gold pieces
  8973 | D:8      | Bought a +2 tower shield of protection for 344 gold pieces
  9041 | D:8      | Noticed a two-headed ogre
  9059 | D:8      | Killed a two-headed ogre
  9190 | D:8      | Found a flagged portal.
  9204 | Bailey   | Entered a bailey
  9316 | Bailey   | Reached skill level 5 in Shields
 10235 | D:9      | Found a staircase to the Lair.
 10349 | D:9      | Found a staircase to the Orcish Mines.
 10709 | D:9      | Reached XP level 11. HP: 65/79 MP: 11/11
 10785 | D:9      | Found a shimmering blue altar of Sif Muna.
 10785 | D:9      | Found a stormy altar of Qazlal.
 10792 | D:9      | Found a faded altar of an unknown god.
 10794 | D:9      | Found a faded altar of an unknown god.
 10796 | D:9      | Found a glowing silver altar of Zin.
 10856 | D:9      | Noticed a cyclops
 10862 | D:9      | Killed a cyclops
 10897 | D:9      | Noticed a manticore
 10904 | D:9      | Killed a manticore
 11095 | D:9      | Found a bloodstained altar of Trog.
 11095 | D:9      | Found an iron altar of Okawaru.
 11179 | Lair:1   | Entered Level 1 of the Lair of Beasts
 11183 | Lair:1   | Noticed a five-headed hydra
 11203 | Lair:1   | Killed a five-headed hydra
 11204 | Lair:1   | Reached skill level 10 in Shields
 12606 | Lair:1   | Reached XP level 12. HP: 86/86 MP: 12/12
 12709 | Lair:1   | Gained mutation: Your body sometimes deteriorates upon
                  | taking damage. [a neqoxec]
 12716 | Lair:1   | Gained mutation: You are frail. (-10% HP) [a neqoxec]
 12717 | Lair:1   | Gained mutation: You expend magic power (3 MP) to
                  | strengthen your wands. [a neqoxec]
 12719 | Lair:1   | Gained mutation: Potions are less effective at restoring
                  | your health. [a neqoxec]
 13094 | Lair:2   | Found a staircase to the Shoals.
 13422 | Lair:2   | Found a staircase to the Snake Pit.
 13467 | Lair:2   | Reached skill level 15 in Shields
 13650 | Lair:2   | Reached skill level 1 in Evocations
 13657 | Lair:2   | Lost mutation: You expend magic power (3 MP) to strengthen
                  | your wands. [potion of mutation]
 13657 | Lair:2   | Lost mutation: You are frail. (-10% HP) [potion of
                  | mutation]
 13657 | Lair:2   | Lost mutation: Your body sometimes deteriorates upon taking
                  | damage. [potion of mutation]
 13657 | Lair:2   | Gained mutation: You are partially covered in iridescent
                  | scales. (AC +2) [potion of mutation]
 13657 | Lair:2   | Gained mutation: You are resistant to electric shocks.
                  | (rElec) [potion of mutation]
 13657 | Lair:2   | Lost mutation: You are partially covered in iridescent
                  | scales. (AC +2) [potion of mutation]
 13657 | Lair:2   | Gained mutation: You are partially covered in iridescent
                  | scales. (AC +2) [potion of mutation]
 13658 | Lair:2   | Lost mutation: Potions are less effective at restoring your
                  | health. [potion of mutation]
 13658 | Lair:2   | Lost mutation: You are partially covered in iridescent
                  | scales. (AC +2) [potion of mutation]
 13658 | Lair:2   | Lost mutation: You are resistant to electric shocks.
                  | (rElec) [potion of mutation]
 13658 | Lair:2   | Gained mutation: Your magical capacity is low. (-10% MP)
                  | [potion of mutation]
 13658 | Lair:2   | Gained mutation: You are resistant to electric shocks.
                  | (rElec) [potion of mutation]
 13854 | Lair:2   | Noticed Nergalle
 13860 | Lair:2   | Killed Nergalle
 13943 | Lair:2   | Reached skill level 6 in Fighting
 13966 | Lair:2   | Found a transporter.
 13967 | Lair:2   | Found a transporter.
 13974 | Lair:2   | Found a bloodstained altar of Trog.
 13974 | Lair:2   | Noticed Ymeruj's ghost (journeyman MiBe)
 14006 | Lair:2   | Noticed a spriggan rider
 14161 | Lair:2   | Noticed a five-headed hydra
 14162 | Lair:2   | Noticed a six-headed hydra
 14170 | Lair:2   | Killed a six-headed hydra
 14176 | Lair:2   | Killed a five-headed hydra
 14177 | Lair:2   | Reached skill level 7 in Fighting
 14177 | Lair:2   | Reached skill level 5 in Evocations
 14177 | Lair:2   | Reached XP level 13. HP: 91/96 MP: 11/11
 14650 | Lair:2   | Bought the ring "Nethry" {Drain Fly rCorr Dex+3 Slay+5} for
                  | 673 gold pieces
 14662 | Snake:1  | Entered Level 1 of the Snake Pit
 14662 | Snake:1  | Noticed a naga warrior
 14705 | Lair:3   | Noticed a four-headed hydra
 14721 | Lair:3   | Killed a four-headed hydra
 14722 | Lair:3   | Reached skill level 8 in Fighting
 14795 | Lair:3   | Reached skill level 9 in Fighting
 14805 | Lair:3   | Noticed a seven-headed hydra
 14825 | Lair:3   | Killed a seven-headed hydra
 15391 | Lair:3   | Reached skill level 10 in Fighting
 16719 | Lair:5   | Found a gate leading to a gauntlet.
 16729 | Gauntlet | Entered a Gauntlet
 16729 | Gauntlet | Found a transporter.
 16729 | Gauntlet | Found a transporter.
 16736 | Gauntlet | Found a transporter.
 16738 | Gauntlet | Found a runed translucent gate.
 16786 | Gauntlet | Found the +1 cloak of Starlight {*Dazzle EV+4 Stlth--}
 16786 | Gauntlet | Found a transporter.
 16786 | Gauntlet | Found a transporter.
 16787 | Gauntlet | Found a runed translucent gate.
 16788 | Gauntlet | Found a runed translucent gate.
 16789 | Gauntlet | Found a transporter.
 16833 | Gauntlet | Found a transporter.
 16833 | Gauntlet | Found a transporter.
 16836 | Gauntlet | Noticed a quicksilver ooze
 16850 | Gauntlet | Found a transporter.
 16866 | Gauntlet | Found a transporter.
 16876 | Gauntlet | Found a transporter.
 16883 | Gauntlet | Found a transporter.
 16883 | Gauntlet | Found a transporter.
 16926 | Gauntlet | Found a transporter.
 17053 | Gauntlet | Reached XP level 14. HP: 111/111 MP: 12/12
 17335 | Gauntlet | Identified the ring "Baschoyc" {Fly rC+ Will- Dex+4}
 17498 | Gauntlet | Identified the ring "Qapeq" {Ice rCorr}
 17509 | Gauntlet | Noticed a minotaur
 17519 | Gauntlet | Killed a minotaur
 17520 | Gauntlet | Reached skill level 11 in Fighting
 17616 | Gauntlet | Got Ulenoeke's Disquisition on Intoxication and the
                  | Snowflakes
 17694 | Lair:5   | Reached skill level 10 in Evocations
 17899 | Lair:5   | Reached skill level 12 in Fighting
 18514 | Lair:5   | Found a staircase to the Slime Pits.
 18515 | Lair:5   | Found a viscous altar of Jiyva.
 18736 | Lair:6   | Entered Level 6 of the Lair of Beasts
 18756 | Lair:6   | Reached skill level 13 in Fighting
 18822 | Lair:6   | Reached skill level 14 in Fighting
 18969 | Lair:6   | Reached XP level 15. HP: 75/127 MP: 13/13
 19008 | Lair:6   | Reached skill level 15 in Fighting
 19066 | Lair:6   | Reached skill level 1 in Dodging
 19146 | Lair:6   | Identified the +1 pair of gloves of Kleptomania {rElec
                  | Str+10 Dex+3}
 19196 | Lair:6   | Reached skill level 5 in Armour
 20736 | Orc:1    | Entered Level 1 of the Orcish Mines
 21286 | Orc:1    | Noticed Erica
 21290 | Orc:1    | Noticed Fannar
 21293 | Orc:1    | Killed Erica
 21299 | Orc:1    | Killed Fannar
 21559 | Orc:2    | Entered Level 2 of the Orcish Mines
 21749 | Orc:2    | Found a staircase to the Elven Halls.
 21763 | Orc:2    | Noticed Snorg
 21779 | Orc:2    | Killed Snorg
 21780 | Orc:2    | Reached skill level 5 in Dodging
 21894 | Orc:2    | Found Cakkosu's Armour Emporium.
 22041 | Orc:1    | Noticed Jorgrun
 22081 | Orc:2    | Killed Jorgrun
 22251 | Orc:1    | Reached XP level 16. HP: 125/136 MP: 14/14
 22610 | Orc:2    | Found Luekolops's Magic Scroll Emporium.
 22743 | Orc:2    | Found Mosmujatt's Antique Armour Shoppe.
 22810 | Orc:2    | Found Voc Xuv's Antique Weapon Emporium.
 22976 | Orc:2    | Bought a scroll of enchant weapon for 135 gold pieces
 22976 | Orc:2    | Bought a scroll of enchant weapon for 135 gold pieces
 22976 | Orc:2    | Bought a scroll of identify for 36 gold pieces
 22976 | Orc:2    | Bought a scroll of magic mapping for 63 gold pieces
 22976 | Orc:2    | Bought a scroll of fear for 63 gold pieces
 23436 | D:9      | Bought the +3 pair of seven-league boots {Rampage+∞} for
                  | 640 gold pieces
 23436 | D:9      | Found the +3 pair of seven-league boots {Rampage+∞}
 23454 | D:10     | Entered Level 10 of the Dungeon
 23703 | D:10     | Found Ruecoh's CLEARANCE SALE! EVERYTHING MUST GO!.
 23710 | D:10     | Bought 2 scrolls of acquirement for 312 gold pieces
 23710 | D:10     | Bought a scroll of magic mapping for 10 gold pieces
 23710 | D:10     | Bought 3 javelins for 7 gold pieces
 23710 | D:10     | Acquired 440 gold pieces
 23712 | D:10     | Acquired a +2 lajatang of electrocution
 23802 | D:10     | Found a snail-covered altar of Cheibriados.
 24994 | D:12     | Found a frozen archway.
 25015 | IceCv    | Entered an ice cave
 25711 | D:12     | Found a runed translucent door.
 26017 | D:12     | Noticed Kirke
 26028 | D:12     | Killed Kirke
 26562 | D:12     | Identified the amulet "Odaheen" {Contam rElec rPois Regen+
                  | Stlth+}
 26584 | D:12     | Identified the ring of Salvation {rF+ rCorr}
 26600 | D:12     | Identified the ring of Fedhas's Felicitations {Int+2
                  | Slay+4}
 26700 | D:12     | Identified the ring "Ajaless" {Fly rPois rF+}
 26782 | D:13     | Reached skill level 10 in Armour
 26868 | D:13     | Reached XP level 17. HP: 142/142 MP: 15/15
 27008 | D:13     | Found a runed translucent door.
 27102 | D:13     | Reached skill level 1 in Throwing
 27113 | D:13     | Reached XP level 18. HP: 97/149 MP: 16/16
 27612 | D:14     | Noticed Urug
 27614 | D:14     | Noticed Rupert
 27651 | D:14     | Killed Rupert
 27652 | D:14     | Found a gate to the Vaults.
 27654 | D:14     | Killed Urug
 27958 | D:14     | You are sucked into a shaft and drop 1 floor!
 27958 | D:15     | Entered Level 15 of the Dungeon
 28040 | D:15     | Found a staircase to the Depths.
 28184 | D:15     | Noticed Josephine
 28192 | D:15     | Killed Josephine
 29431 | Snake:1  | Bought a pair of smoking boots for 323 gold pieces
 29431 | Snake:1  | Identified the +1 pair of boots of Horallya {-Cast Harm
                  | rPois Dex+3} (You bought it in a shop on level 1 of the
                  | Snake Pit)
 29564 | Snake:1  | Reached XP level 19. HP: 149/156 MP: 17/17
 30860 | Snake:2  | Reached skill level 5 in Throwing
 31581 | Snake:2  | Identified the +8 shortbow of Destiny {freeze, rN+}
 31687 | Snake:3  | Reached skill level 16 in Fighting
 31775 | Snake:3  | Reached skill level 10 in Dodging
 31888 | Snake:3  | Reached skill level 15 in Staves
 31918 | Snake:3  | Noticed Vashnia
 31948 | Snake:3  | Killed Vashnia
 32203 | Snake:3  | Reached skill level 15 in Evocations
 32669 | Snake:3  | Reached XP level 20. HP: 165/165 MP: 18/18
 33243 | Snake:3  | Identified the +2 pair of gloves "Igig" {*Corrode rF+++
                  | MP+9}
 33274 | Snake:4  | Entered Level 4 of the Snake Pit
 33673 | Snake:4  | Found Vuagio Qejo's Book Shoppe.
 33677 | Snake:4  | Found Oxewneus's Jewellery Boutique.
 33678 | Snake:4  | Found Cosut's Book Shoppe.
 34046 | Snake:4  | Found Seloag's General Store.
 34707 | Snake:4  | Got a serpentine rune of Zot
 34804 | Snake:4  | Bought a scroll of enchant weapon for 112 gold pieces
 35108 | D:13     | Bought an encrusted plate armour for 1008 gold pieces
 35108 | D:13     | Identified the +7 plate armour "Zajigo" {rElec} (You bought
                  | it in a shop on level 13 of the Dungeon)
 35108 | D:13     | Bought an ichor-stained plate armour for 1008 gold pieces
 35108 | D:13     | Identified the +10 plate armour "Yhuf" {rF+} (You bought it
                  | in a shop on level 13 of the Dungeon)
 35284 | Shoals:1 | Entered Level 1 of the Shoals
 35706 | Shoals:1 | Reached skill level 17 in Fighting
 36165 | Shoals:2 | Found Fuukef's Distillery.
 36168 | Shoals:2 | Bought a potion of mutation for 104 gold pieces
 36168 | Shoals:2 | Bought a potion of curing for 39 gold pieces
 36168 | Shoals:2 | Bought a potion of curing for 39 gold pieces
 36989 | Shoals:3 | Reached XP level 21. HP: 166/174 MP: 18/18
 37765 | Shoals:4 | Entered Level 4 of the Shoals
 37765 | Shoals:4 | Noticed Polyphemus
 37765 | Shoals:4 | Noticed Bai Suzhen
 37779 | Shoals:4 | Killed Bai Suzhen
 37781 | Shoals:4 | Noticed Ilsuiw
 37798 | Shoals:3 | Killed Ilsuiw
 37923 | Shoals:3 | Killed Polyphemus
 38069 | Shoals:4 | Reached skill level 10 in Throwing
 38551 | Shoals:4 | Reached skill level 18 in Fighting
 38777 | Shoals:4 | Reached skill level 15 in Armour
 39172 | Shoals:4 | Got a barnacled rune of Zot
 39259 | Shoals:2 | Identified the +10 crystal plate armour "Nump" {Str+7
                  | Int+9}
 39342 | Shoals:4 | Identified the +2 ring mail of Polytheism {Will+}
 39608 | Vaults:1 | Entered Level 1 of the Vaults
 39613 | D:14     | Acquired 1112 gold pieces
 40022 | Vaults:1 | Reached XP level 22. HP: 178/185 MP: 19/19
 40030 | Vaults:1 | Reached skill level 1 in Stealth
 40191 | Vaults:1 | Found Zigaklef's Assorted Antiques.
 40343 | Vaults:1 | Reached skill level 5 in Stealth
 40720 | Vaults:1 | Reached skill level 19 in Fighting
 41078 | Vaults:1 | Bought a steel ring for 160 gold pieces
 41078 | Vaults:1 | Bought a blackened copper wand for 128 gold pieces
 41078 | Vaults:1 | Bought a scroll of fog for 64 gold pieces
 41765 | Vaults:2 | Found Ypiclimm's General Store.
 41871 | Vaults:2 | Bought a potion of might for 56 gold pieces
 41910 | Vaults:2 | Found Nyliolea's Antique Armour Boutique.
 41911 | Vaults:2 | You are sucked into a shaft and drop 2 floors!
 42120 | Vaults:2 | Reached XP level 23. HP: 194/194 MP: 20/20
 42203 | Vaults:2 | Found Jukhligi's Antique Weapon Boutique.
 42664 | Vaults:2 | Found Uxiceg's Distillery.
 42668 | Vaults:2 | Bought a potion of heal wounds for 80 gold pieces
 42668 | Vaults:2 | Bought 2 potions of heal wounds for 160 gold pieces
 42668 | Vaults:2 | Bought 2 potions of might for 128 gold pieces
 43575 | Vaults:3 | Found a staircase to the Crypt.
 44382 | Vaults:3 | Reached skill level 10 in Stealth
 44764 | Vaults:4 | Reached XP level 24. HP: 203/203 MP: 20/20
 44971 | Vaults:4 | Reached skill level 20 in Fighting
 45987 | Vaults:4 | Acquired the ring "Waasan" {rPois Will+++ Str+6 Dex-2}
 46043 | Vaults:5 | Entered Level 5 of the Vaults
 46150 | Vaults:5 | Noticed Jory
 46201 | Vaults:5 | Noticed an ancient lich
 46240 | Vaults:5 | Noticed an ancient lich
 46247 | Vaults:5 | Killed an ancient lich
 46325 | Vaults:5 | Killed an ancient lich
 46415 | Vaults:5 | Noticed a golden dragon
 46426 | Vaults:5 | Killed a golden dragon
 46439 | Vaults:5 | Noticed an ancient lich
 46452 | Vaults:5 | Reached XP level 25. HP: 126/203 MP: 20/20
 46457 | Vaults:5 | Killed an ancient lich
 46467 | Vaults:5 | Your ally died
 46575 | Vaults:5 | Found the +6 lightning scales {swift rElec}
 46592 | Vaults:5 | Identified the ring "Otuot" {rN+ Will+ AC+4}
 47342 | Vaults:5 | Got a silver rune of Zot
 47505 | Vaults:5 | Identified the +0 cloak of Quwen {Slay+4}
 47597 | Vaults:5 | Got the Papyrus of the Compass and the Frostbite
 47921 | Vaults:5 | Identified the +2 scythe of Xoyso {pain, rCorr}
 48059 | D:15     | Bought a scroll of enchant weapon for 120 gold pieces
 48059 | D:15     | Bought a scroll of enchant weapon for 120 gold pieces
 48059 | D:15     | Bought a scroll of enchant armour for 120 gold pieces
 48070 | Depths:1 | Entered Level 1 of the Depths
 48070 | Depths:1 | Found Nuck's Assorted Antiques.
 48076 | Depths:1 | Bought a scroll of fear for 129 gold pieces
 48076 | Depths:1 | Bought a scroll of fear for 129 gold pieces
 48178 | Depths:1 | Noticed Nikola
 48199 | Depths:1 | Noticed Asterion
 48218 | Depths:1 | Killed Asterion
 48227 | Depths:1 | Reached skill level 15 in Throwing
 48246 | Depths:1 | Found a one-way gate leading to the halls of Pandemonium.
 48282 | Depths:1 | Found a gateway to Hell.
 48469 | Depths:1 | Found a one-way gate to the infinite horrors of the Abyss.
 48503 | Depths:1 | Found a portal to a secret trove of treasure.
 48539 | Depths:1 | Found a broken altar of Ashenzari.
 49093 | Depths:2 | Noticed a caustic shrike
 49096 | Depths:2 | Killed a caustic shrike
 49148 | Depths:2 | Killed Nikola
 49155 | Depths:2 | Noticed a juggernaut
 49163 | Depths:2 | Killed a juggernaut
 49381 | Depths:2 | Reached XP level 26. HP: 206/207 MP: 20/20
 49404 | Depths:2 | Reached skill level 15 in Stealth
 50116 | Depths:3 | Found the +3 giant club "Skullcrusher" {speed, Str+7}
 50588 | Depths:3 | Found a gateway to a ziggurat.
 51606 | Depths:4 | Found a runed translucent gate.
 51607 | Depths:4 | Found a runed translucent gate.
 51607 | Depths:4 | Found a runed translucent gate.
 51607 | Depths:4 | Noticed a dread lich
 51608 | Depths:4 | Noticed Jyammont's ghost (adept DrGl)
 51626 | Depths:4 | Killed a dread lich
 51676 | Depths:4 | Killed Jyammont's ghost
 52307 | Depths:4 | Reached XP level 27. HP: 220/226 MP: 20/20
 52385 | Depths:4 | Found Wetom's Magic Scroll Emporium.
 52413 | Depths:4 | Bought a scroll of enchant weapon for 150 gold pieces
 52413 | Depths:4 | Bought a scroll of enchant weapon for 150 gold pieces
 52413 | Depths:4 | Bought a scroll of silence for 150 gold pieces
 52877 | Depths:4 | Identified the +2 leather armour "Zurr" {rPois rF+++ rC-
                  | Slay+3}
 53239 | Depths:5 | Entered Level 5 of the Depths
 53320 | Depths:5 | Found an ornate altar of the Wu Jian Council.
 53432 | Depths:5 | Found a gate to the Realm of Zot.
 54317 | Depths:5 | Acquired a +1 vampiric lajatang
 54362 | Zot:1    | Entered Level 1 of the Realm of Zot
 54559 | Zot:1    | Reached skill level 21 in Fighting
 54784 | Zot:1    | Noticed an orb of fire
 54817 | Zot:1    | Killed an orb of fire
 55275 | Zot:1    | Identified the +3 quarterstaff of Gehenna {flame, rN+ MP+9
                  | Stlth+}
 55798 | Zot:1    | Identified the +0 pair of boots "Gawnas" {rN+}
 55868 | Zot:1    | Identified the ring "Cyelodeh" {rCorr Dex+3}
 56077 | Zot:2    | Noticed an orb of fire
 56304 | Zot:2    | Found a transporter.
 56305 | Zot:2    | Found a radiant altar of Vehumet.
 56403 | Zot:2    | Noticed an ancient lich
 57171 | Zot:2    | Gained mutation: You do not regenerate when monsters are
                  | visible. [an orb of fire]
 57173 | Zot:2    | Gained mutation: You are somewhat resistant to further
                  | mutation. [an orb of fire]
 57174 | Zot:2    | Killed an orb of fire
 57268 | Zot:2    | Killed an ancient lich
 57274 | Zot:2    | Reached skill level 22 in Fighting
 57384 | Zot:2    | Found a transporter.
 57427 | Zot:2    | Lost mutation: You are somewhat resistant to further
                  | mutation. [potion of mutation]
 57427 | Zot:2    | Lost mutation: You are resistant to electric shocks.
                  | (rElec) [potion of mutation]
 57427 | Zot:2    | Lost mutation: Your magical capacity is low. (-10% MP)
                  | [potion of mutation]
 57427 | Zot:2    | Gained mutation: Your system is resistant to poisons.
                  | (rPois) [potion of mutation]
 57427 | Zot:2    | Gained mutation: You possess an exceptional clarity of
                  | mind. [potion of mutation]
 57428 | Zot:2    | Lost mutation: You possess an exceptional clarity of mind.
                  | [potion of mutation]
 57428 | Zot:2    | Gained mutation: You have a beak for a mouth. [potion of
                  | mutation]
 57428 | Zot:2    | Lost mutation: Your system is resistant to poisons. (rPois)
                  | [potion of mutation]
 57429 | Zot:2    | Lost mutation: You do not regenerate when monsters are
                  | visible. [potion of mutation]
 57429 | Zot:2    | Lost mutation: You have a beak for a mouth. [potion of
                  | mutation]
 57429 | Zot:2    | Gained mutation: You have sharp fingernails. [potion of
                  | mutation]
 57429 | Zot:2    | Gained mutation: You are weak. (Str -2) [potion of
                  | mutation]
 57429 | Zot:2    | Gained mutation: You are somewhat resistant to further
                  | mutation. [potion of mutation]
 57448 | Zot:3    | Noticed a Killer Klown
 57456 | Zot:3    | Killed a Killer Klown
 59635 | Zot:5    | Entered Level 5 of the Realm of Zot
 59881 | Zot:5    | Noticed a Killer Klown
 59882 | Zot:5    | Noticed an orb of fire
 59885 | Zot:5    | Killed a Killer Klown
 59888 | Zot:5    | Killed a Killer Klown
 59891 | Zot:5    | Killed an orb of fire
 59898 | Zot:5    | Noticed a Killer Klown
 59906 | Zot:5    | Noticed a Killer Klown
 59928 | Zot:5    | Noticed a Killer Klown
 59933 | Zot:5    | Noticed an ancient lich
 59939 | Zot:5    | Killed an ancient lich
 59941 | Zot:5    | Killed a Killer Klown
 59958 | Zot:5    | Killed an ancient lich
 60066 | Zot:5    | Reached skill level 23 in Fighting
 60135 | Zot:5    | Noticed an orb of fire
 60137 | Zot:5    | Noticed a Killer Klown
 60138 | Zot:5    | Noticed a Killer Klown
 60139 | Zot:5    | Noticed a Killer Klown
 60174 | Zot:5    | Killed an orb of fire
 60184 | Zot:5    | Killed a Killer Klown
 60219 | Zot:5    | Killed a Killer Klown
 60227 | Zot:5    | Killed a Killer Klown
 60383 | Zot:5    | Killed a Killer Klown
 61002 | Zot:5    | Identified the +9 plate armour "Xiqu" {Int+9}
 61266 | Depths:1 | Voluntarily entered the Abyss.
 61266 | Abyss:1  | Found a corrupted altar of Lugonu.
 61273 | Abyss:1  | Found a corrupted altar of Lugonu.
 61367 | Abyss:1  | Found a corrupted altar of Lugonu.
 61490 | Abyss:1  | Noticed a dread lich
 61495 | Abyss:1  | Killed a dread lich
 62416 | Abyss:3  | Reached skill level 24 in Fighting
 62656 | Abyss:4  | Found a runed translucent door.
 62747 | Abyss:4  | Found a corrupted altar of Lugonu.
 62784 | Abyss:4  | Got an abyssal rune of Zot
 62878 | Abyss:4  | Reached skill level 25 in Fighting
 62922 | Depths:1 | Escaped the Abyss
 62927 | Depths:1 | Bought a scroll of enchant weapon for 127 gold pieces
 62927 | Depths:1 | Bought a scroll of enchant armour for 127 gold pieces
 62927 | Depths:1 | Bought a scroll of acquirement for 884 gold pieces
 62927 | Depths:1 | Bought a scroll of acquirement for 884 gold pieces
 62935 | Depths:1 | Acquired a manual of Dodging
 62937 | Depths:1 | Acquired 831 gold pieces
 62991 | Zig:1    | Entered Level 1 of a ziggurat
 63001 | Zig:1    | Identified the +3 quarterstaff of Stickiness {vorpal, rC+}
 63008 | Zig:2    | Entered Level 2 of a ziggurat
 63035 | Zig:2    | Identified the amulet "Weluar" {rF++ rC- Regen+}
 63056 | Zig:3    | Entered Level 3 of a ziggurat
 63086 | Zig:4    | Entered Level 4 of a ziggurat
 63180 | Zig:5    | Entered Level 5 of a ziggurat
 63185 | Zig:5    | Noticed an orb of fire
 63185 | Zig:5    | Noticed an orb of fire
 63188 | Zig:5    | Gained mutation: You are frail. (-10% HP) [an orb of fire]
 63195 | Zig:5    | Gained mutation: Armour fits poorly on your strangely
                  | shaped body. [an orb of fire]
 63198 | Zig:5    | Killed an orb of fire
 63212 | Zig:5    | Gained mutation: You are dopey. (Int -2) [an orb of fire]
 63214 | Zig:5    | Gained mutation: Your body sometimes deteriorates upon
                  | taking damage. [an orb of fire]
 63221 | Zig:5    | Killed an orb of fire
 63445 | Zig:5    | Lost mutation: You are weak. (Str -2) [potion of mutation]
 63445 | Zig:5    | Lost mutation: Your body sometimes deteriorates upon taking
                  | damage. [potion of mutation]
 63445 | Zig:5    | Lost mutation: You are frail. (-10% HP) [potion of
                  | mutation]
 63446 | Zig:5    | Lost mutation: You are somewhat resistant to further
                  | mutation. [potion of mutation]
 63446 | Zig:5    | Lost mutation: You are dopey. (Int -2) [potion of mutation]
 63446 | Zig:5    | Lost mutation: Armour fits poorly on your strangely shaped
                  | body. [potion of mutation]
 63446 | Zig:5    | Gained mutation: You are robust. (+10% HP) [potion of
                  | mutation]
 63446 | Zig:5    | Gained mutation: Armour fits poorly on your strangely
                  | shaped body. [potion of mutation]
 63446 | Zig:5    | Gained mutation: You are strong-willed. (Will+) [potion of
                  | mutation]
 63480 | Zig:6    | Entered Level 6 of a ziggurat
 63587 | Zig:6    | Identified the +5 scimitar "Noro" {vorpal, Str+3}
 63593 | Zig:7    | Entered Level 7 of a ziggurat
 63792 | Zig:8    | Entered Level 8 of a ziggurat
 63808 | Zig:8    | Noticed a dread lich
 63814 | Zig:8    | Killed a dread lich
 63969 | Zig:8    | Got Willot Jeth's Compendium of Combat Magic and the Rocks
 63971 | Zig:8    | Identified the ring "Inuasch" {Fly Str+6}
 63988 | Zig:9    | Entered Level 9 of a ziggurat
 64107 | Zig:9    | Identified the +0 leather armour of Watchfulness {Fly rPois
                  | Str+2}
 64145 | Zig:10   | Entered Level 10 of a ziggurat
 64243 | Zig:10   | Identified the amulet "Sidgh" {Reflect Rampage *Slow +Blink
                  | Int+5 SH+5}
 64290 | Zig:11   | Entered Level 11 of a ziggurat
 64317 | Zig:11   | Noticed Zougrem the pandemonium lord
 64336 | Zig:11   | Killed Zougrem the pandemonium lord
 64531 | Zig:12   | Entered Level 12 of a ziggurat
 64654 | Zig:12   | Noticed a royal mummy
 64655 | Zig:12   | Noticed a royal mummy
 64655 | Zig:12   | Noticed a royal mummy
 64655 | Zig:12   | Noticed a royal mummy
 64669 | Zig:12   | Killed a royal mummy
 64688 | Zig:12   | Killed a royal mummy
 64703 | Zig:12   | Killed a royal mummy
 64709 | Zig:12   | Killed a royal mummy
 64923 | Zig:13   | Entered Level 13 of a ziggurat
 65043 | Zig:13   | Got the Disquisition on the Enchanting Mountains
 65068 | Zig:14   | Entered Level 14 of a ziggurat
 65093 | Zig:14   | Noticed a dread lich
 65101 | Zig:14   | Killed a dread lich
 65107 | Zig:14   | Noticed a dread lich
 65112 | Zig:14   | Killed a dread lich
 65122 | Zig:14   | Noticed a dread lich
 65126 | Zig:14   | Killed a dread lich
 65130 | Zig:14   | Noticed an ancient lich
 65133 | Zig:14   | Killed an ancient lich
 65342 | Zig:14   | Got Sif Muna's Reference Book on the Ashen Voyage
 65360 | Zig:15   | Entered Level 15 of a ziggurat
 65672 | Zig:15   | Noticed a shard shrike
 65684 | Zig:15   | Killed a shard shrike
 65851 | Zig:16   | Entered Level 16 of a ziggurat
 65857 | Zig:16   | Noticed a juggernaut
 65885 | Zig:16   | Killed a juggernaut
 65964 | Zig:16   | Identified the +9 quarterstaff of the Devouring Pariah
                  | {vamp, rElec rF++ rCorr Dex-3}
 65967 | Zig:16   | Identified the +2 plate armour of the Lich-sworn {Harm
                  | *Slow Fly Will+}
 65990 | Zig:16   | Got the Almanac of the Gliding Entourage
 65992 | Zig:16   | Got the Papyrus of Freezing Dark Rites
 66016 | Zig:16   | Identified the +5 shortbow "Daraxu" {freeze, Will- Int+3
                  | SInv}
 66018 | Zig:16   | Identified the +3 great sword of Harmony {vamp, Str+4}
 66026 | Zig:17   | Entered Level 17 of a ziggurat
 66362 | Zig:17   | Noticed a Killer Klown
 66367 | Zig:17   | Noticed Tirgh the pandemonium lord
 66372 | Zig:17   | Killed a Killer Klown
 66373 | Zig:17   | Noticed Sikkeran the pandemonium lord
 66374 | Zig:17   | Noticed Muory the pandemonium lord
 66380 | Zig:17   | Killed Sikkeran the pandemonium lord
 66380 | Zig:17   | Killed Tirgh the pandemonium lord
 66381 | Zig:17   | Reached skill level 15 in Dodging
 66384 | Zig:17   | Noticed Bugych the pandemonium lord
 66385 | Zig:17   | Killed Muory the pandemonium lord
 66385 | Zig:17   | Noticed a Killer Klown
 66386 | Zig:17   | Noticed Ybosud the pandemonium lord
 66386 | Zig:17   | Noticed a Killer Klown
 66393 | Zig:17   | Noticed Deptoany the pandemonium lord
 66400 | Zig:17   | Noticed Xolephuz the pandemonium lord
 66401 | Zig:17   | Killed Bugych the pandemonium lord
 66403 | Zig:17   | Killed a Killer Klown
 66404 | Zig:17   | Noticed Bupposih the pandemonium lord
 66404 | Zig:17   | Noticed Mihoeff the pandemonium lord
 66406 | Zig:17   | Killed a Killer Klown
 66410 | Zig:17   | Killed Deptoany the pandemonium lord
 66412 | Zig:17   | Killed Mihoeff the pandemonium lord
 66424 | Zig:17   | Killed Ybosud the pandemonium lord
 66426 | Zig:17   | Killed Xolephuz the pandemonium lord
 66433 | Zig:17   | Killed Bupposih the pandemonium lord
 66717 | Zig:17   | Identified the ring of Marudd {rF+ rN+ Stlth+}
 66721 | Zig:17   | Got the Collected Works on Combat Magic
 67048 | Slime:1  | Entered Level 1 of the Pits of Slime
 67133 | Slime:3  | Gained mutation: You are weak. (Str -2) [a shining eye]
 67141 | Slime:3  | Gained mutation: You sometimes lose the ability to read
                  | scrolls when taking damage. [a shining eye]
 67160 | Slime:3  | Gained mutation: You occasionally shout uncontrollably at
                  | your foes. [a shining eye]
 67566 | Slime:4  | Gained mutation: Your body sometimes deteriorates upon
                  | taking damage. [a shining eye]
 67781 | Slime:5  | Entered Level 5 of the Pits of Slime
 67961 | Slime:5  | Noticed the Royal Jelly
 67980 | Slime:5  | Killed the Royal Jelly
 68241 | Slime:5  | Got a slimy rune of Zot
 68266 | Slime:5  | Identified the +3 buckler "Rojatyef" {MP+9 Dex+4}
 68544 | Slime:5  | Identified the +3 plate armour of Zoleadig {Int+3}
 68550 | Slime:5  | Acquired 647 gold pieces
 68568 | Slime:5  | Identified the +1 ring mail "Ziasoo" {rPois SInv}
 68575 | Slime:5  | Identified the +0 helmet of Sunlight {SInv}
 68859 | D:13     | Bought a potion of mutation for 288 gold pieces
 69612 | Depths:1 | Bought a scroll of silence for 127 gold pieces
 69612 | Depths:1 | Bought a scroll of silence for 127 gold pieces
 69612 | Depths:1 | Bought a scroll of fog for 34 gold pieces
 69619 | Depths:1 | Learned a level 3 spell: Lesser Beckoning
 69910 | Temple   | Fell from the grace of Gozag
 69910 | Temple   | Became a worshipper of the Shining One
 70313 | Crypt:1  | Entered Level 1 of the Crypt
 70355 | Crypt:1  | Reached * piety under the Shining One
 70426 | Crypt:1  | Reached skill level 1 in Spellcasting
 70443 | Crypt:1  | Reached ** piety under the Shining One
 70672 | Crypt:1  | Reached skill level 1 in Translocations
 70675 | Crypt:1  | Reached *** piety under the Shining One
 70782 | Crypt:1  | Reached **** piety under the Shining One
 70785 | Crypt:1  | Noticed Frederick
 70793 | Crypt:1  | Killed Frederick
 70821 | Crypt:1  | Acquired 644 gold pieces
 71030 | Crypt:1  | Reached ***** piety under the Shining One
 71048 | Crypt:1  | Found a basalt altar of Yredelemnul.
 71048 | Crypt:1  | Identified the +2 great sword "Lywnumy" {flame, Fragile
                  | +Blink MP+9 Dex+10}
 71270 | Crypt:2  | Lost mutation: You occasionally shout uncontrollably at
                  | your foes. [potion of mutation]
 71270 | Crypt:2  | Lost mutation: You are weak. (Str -2) [potion of mutation]
 71270 | Crypt:2  | Lost mutation: Armour fits poorly on your strangely shaped
                  | body. [potion of mutation]
 71270 | Crypt:2  | Gained mutation: Your spells are a little harder to cast,
                  | but a little more powerful. [potion of mutation]
 71270 | Crypt:2  | Gained mutation: Your muscles are strong. (Str +2) [potion
                  | of mutation]
 71272 | Crypt:2  | Lost mutation: Your spells are a little harder to cast, but
                  | a little more powerful. [potion of mutation]
 71272 | Crypt:2  | Lost mutation: Your body sometimes deteriorates upon taking
                  | damage. [potion of mutation]
 71272 | Crypt:2  | Gained mutation: Your spells are a little easier to cast,
                  | but a little less powerful. [potion of mutation]
 71272 | Crypt:2  | Gained mutation: You are partially covered in iridescent
                  | scales. (AC +2) [potion of mutation]
 71275 | Crypt:2  | Lost mutation: You are robust. (+10% HP) [potion of
                  | mutation]
 71275 | Crypt:2  | Lost mutation: You are strong-willed. (Will+) [potion of
                  | mutation]
 71275 | Crypt:2  | Gained mutation: Your magical capacity is low. (-10% MP)
                  | [potion of mutation]
 71276 | Crypt:2  | Lost mutation: You sometimes lose the ability to read
                  | scrolls when taking damage. [potion of mutation]
 71276 | Crypt:2  | Lost mutation: Your spells are a little easier to cast, but
                  | a little less powerful. [potion of mutation]
 71276 | Crypt:2  | Lost mutation: You have sharp fingernails. [potion of
                  | mutation]
 71276 | Crypt:2  | Gained mutation: You have large cloven feet. [potion of
                  | mutation]
 71276 | Crypt:2  | Gained mutation: Your muscles are very strong. (Str +4)
                  | [potion of mutation]
 71951 | Crypt:3  | Entered Level 3 of the Crypt
 71966 | Crypt:3  | Reached ****** piety under the Shining One
 71971 | Crypt:3  | Noticed a dread lich
 71983 | Crypt:3  | Killed a dread lich
 72151 | Crypt:3  | Noticed Sojobo
 72186 | Crypt:3  | Killed Sojobo
 72210 | Crypt:3  | Found a basalt altar of Yredelemnul.
 72297 | Crypt:3  | Found the +13 scythe of Curses {drain, Drain}
 72430 | Crypt:3  | Identified the amulet of Compassion {Will+ Regen+}
 72430 | Crypt:3  | Identified the ring of Loesodu {rN+ Will+}
 72500 | Crypt:3  | Identified a +9 lajatang of holy wrath (a +9 vampiric
                  | lajatang blessed by the Shining One)
 72500 | Crypt:3  | Received a gift from the Shining One
 72692 | Crypt:3  | Found a staircase to the Tomb.
 72847 | Crypt:3  | Noticed Xtahua
 72854 | Crypt:3  | Killed Xtahua
 72855 | Crypt:3  | Reached skill level 1 in Invocations
 72968 | Crypt:3  | Reached skill level 5 in Spellcasting
 73393 | Hell     | Entered the Vestibule of Hell
 73393 | Hell     | Noticed Murray
 73393 | Hell     | Noticed Geryon
 73399 | Hell     | Killed Murray
 73400 | Hell     | Was placed under penance by the Shining One
 73510 | Hell     | Reached skill level 5 in Translocations
 73549 | Hell     | Was forgiven by the Shining One
 73681 | Hell     | Reached skill level 5 in Invocations
 73737 | Hell     | Killed Geryon
 73921 | Hell     | Found a gateway to the ashen valley of Gehenna.
 73969 | Hell     | Found a gateway to the decaying netherworld of Tartarus.
 74022 | Hell     | Found a gateway to the freezing wastes of Cocytus.
 74071 | Hell     | Found a gateway to the Iron City of Dis.
 74166 | Tar:1    | Entered Level 1 of Tartarus
 74184 | Tar:1    | You are sucked into a shaft and drop 1 floor!
 74187 | Tar:2    | You are sucked into a shaft and drop 2 floors!
 74190 | Tar:4    | You are sucked into a shaft and drop 2 floors!
 74193 | Tar:6    | You are sucked into a shaft and drop 1 floor!
 74193 | Tar:7    | Entered Level 7 of Tartarus
 74421 | Tar:7    | Was forgiven by Gozag
 74564 | Tar:7    | Identified the +2 ring mail of the Enchanted Forest {rCorr
                  | Str+3 Int+3}
 74566 | Tar:7    | Identified the amulet "Eduutu" {Fly Regen+ SInv Stlth+}
 74616 | Tar:7    | Noticed the Serpent of Hell
 74633 | Tar:7    | Killed the Serpent of Hell
 74659 | Tar:7    | Reached skill level 10 in Invocations
 74675 | Tar:7    | Noticed Ereshkigal
 74697 | Tar:7    | HP: 11/242 [??? (3)]
 74698 | Tar:7    | HP: 4/242 [Ereshkigal (20)]
 74700 | Tar:7    | Slain by a Tzitzimitl

Illustrated notes

Levels and vault maps discovered:
D:1:      saegor_arrival_fortress, layout_rooms,
          hellmonk_ecumenical_altar_leap_of_faith
D:2:      layout_basic
D:3:      layout_rooms, serial_bayou, serial_bayou_pond_a, serial_bayou_shore_a,
          serial_bayou_ford_a, serial_bayou_crossing, st_stairs_10,
          uniq_crazy_yiuf_cottage
D:4:      layout_basic, nicolae_overflow_hidden_temple,
          minmay_temple_entry_antechambers, uniq_sigmund, uniq_natasha,
          uniq_edmund
D:5:      layout_rooms, gup_sewer_entry_bubbles
D:6:      gammafunk_cloud_chamber, layout_layer_cave,
          nicolae_ru_great_annihilating_truth, kennysheep_vampire_church,
          uniq_maggie, uniq_duvessa
D:7:      layout_loops_ring, grunt_temple_overflow_open, serial_glass,
          glass_columns_b, glass_columns_b, glass_columns_c, glass_columns_a,
          glass_columns_a, glass_columns_a, glass_columns_c, glass_columns_a,
          glass_columns_a, glass_columns_a, minmay_checkerbox
D:8:      layout_rooms, enter_bailey_2
D:9:      layout_roguey, grunt_temple_overflow_bloody_war,
          chequers_temple_overflow_minitemple, dpeg_oklobed_lair, orc_0_dummy
D:10:     layout_cave_pools, lemuel_doored_altar, nicolae_shop_clearance
D:11:     layout_long_grid, roderic_roman_lattice, corexii_hall_statues_x
D:12:     minmay_the_grid_triangle_9x9_rhombus_thin
          [minmay_the_grid_triangle_9x9_subtriangle,
          minmay_the_grid_triangle_9x9_prize_special,
          minmay_the_grid_triangle_9x9_wacky_v,
          minmay_the_grid_triangle_9x9_warning], layout_loops_ring,
          portal_ice_cave_entry_ice_simulacra, minmay_misc_feat_room, uniq_kirke
D:13:     layout_loops_cross, minmay_crystal_water, minmay_hidden_floor
D:14:     layout_roguey [special_room_orc], david_vaults_3, minmay_statues_item,
          grunt_tough_drop
D:15:     gammafunk_depths_entry_grave, layout_loops_ring,
          hangedman_decor_peaks_small, uniq_josephine
Temple:   jpeg_temple_clearing
Lair:1:   statuecave_lemuel, layout_layer_cave, chequers_serial_rivers_room_b,
          kennysheep_abandoned_house
Lair:2:   layout_regular_city, minmay_shoals_entry_beasts,
          minmay_snake_entry_six_corridors, gammafunk_ghost_wrathful_warriors,
          lemuel_fruit_fields, uniq_nergalle
Lair:3:   layout_long_grid, serial_bayou_shore_b, grunt_megastairs_3,
          infiniplex_staircase_pool
Lair:4:   layout_regular_city, minmay_lair_oklob_chamber
Lair:5:   layout_regular_city, slime_altar_1, gauntlet_entry_generic,
          nzn_sisyphean_effort
Lair:6:   minmay_lair_end_frog_pond, layout_long_grid, serial_bayou_lagoon_a
Shoals:1: layout_shoals
Shoals:2: layout_shoals, serial_shops, nicolae_shop_window_shopping,
          nicolae_shoals_spring_well_temple
Shoals:3: layout_shoals
Shoals:4: shoals_end_hangedman, layout_shoals, shoal_ilsuiw, uniq_polyphemus,
          uniq_bai_suzhen
Snake:1:  layout_layer_cave
Snake:2:  layout_grid_shapes
Snake:3:  layout_chambers, uniq_vashnia
Snake:4:  hellmonk_snake_rune_quicksilver_temple, layout_cave_town,
          serial_shops, shop, grunt_ministairs_9, minmay_shop_grove,
          lemuel_fruit_tree
Slime:1:  layout_caves
Slime:2:  layout_caves
Slime:3:  layout_caves
Slime:4:  cheibrodos_slime_lost_civilization_9, layout_caves
Slime:5
Orc:1:    layout_caves, uniq_jorgrun, uniq_erica, uniq_fannar
Orc:2:    grunt_orc_community_town_hall, layout_caves,
          grunt_orc_community_big_house_1, grunt_orc_community_big_house_2,
          grunt_orc_community_house_2, grunt_orc_community_house_2,
          grunt_orc_community_house_1, grunt_orc_community_house_3,
          grunt_orc_community_house_1, uniq_snorg
Vaults:1: nicolae_vaults_an_arrangement, hangedman_vaults_corner,
          nicolae_vaults_big_ls, vaults_mumra_lcd, nicolae_vaults_network_star,
          nicolae_vaults_alarming, vaults_room_grunt_arrival_ludios,
          hangedman_vaults_restitches, ontoclasm_vaults_loading_screen,
          layout_vaults_ring, serial_shops, shop
Vaults:2: vaults_room_boxed, v_alt_pattern_3, hangedman_vaults_nodes,
          vaults_mumra_minichess, nicolae_vaults_network_barrier, v_misc_5,
          v_misc_2, v_misc_14, nicolae_vaults_hallways_thing,
          vaults_room_ringed_pool, v_misc_16, v_misc_13, layout_vaults_maze,
          serial_shops, nicolae_shop_overgrown_old_shop, nicolae_shop_stone,
          shop, shop
Vaults:3: vaults_room_corners, hangedman_vaults_impose,
          nicolae_vaults_c_with_doors, ontoclasm_vaults_ring_large, v_misc_23,
          minmay_crypt_entry_vampire_xt, nicolae_vaults_twisting_passages,
          nicolae_vaults_angled_halls, hangedman_vaults_hat,
          ontoclasm_vaults_shuriken, v_misc_5, nicolae_vaults_little_squares_3,
          vaults_dpeg_encased_lava, v_pattern_5, vaults_room_pools,
          layout_vaults_omnicross
Vaults:4: ontoclasm_vaults_fire_temple, v_alt_pattern_4,
          nicolae_vaults_triangles, hangedman_vaults_restitches,
          vaults_mumra_hexcomb, nicolae_vaults_diagonal_hallway_7,
          vaults_room_grid, nicolae_vaults_yaktaur_gun_rack,
          nicolae_vaults_asterisk, nicolae_vaults_diagonal_hallway_7,
          layout_vaults_big_room
Vaults:5: uniq_jory
Crypt:1:  gammafunk_crypt_yreds_forest, layout_basic,
          grunt_crypt_arrival_webbed, uniq_frederick
Crypt:2:  layout_regular_city
Crypt:3:  church_of_pain_bobbens, layout_chaotic_city, tomb_entry_shell_bobbens,
          small_chamber_with_monster, uniq_xtahua, uniq_sojobo
Depths:1: layout_big_octagon, hangedman_decor_riveting, abyss_entry_glasseish,
          serial_shops, nicolae_shop_overgrown_old_shop, rand_demon_pan_entry_5,
          nicolae_trove_entry_crossroad, grunt_hell_horde, library_closet,
          minmay_holes, cheibrodos_ashenzari_chains, uniq_nikola, uniq_asterion
Depths:2: minmay_textured_paths, layout_small_grid, hell_entry, nrook_campfire
Depths:3: nzn_winding_woodlands_cross [nzn_winding_woodlands_5x15_pool,
          nzn_winding_woodlands_5x15_lazy_stream,
          nzn_winding_woodlands_5x15_sawtooth,
          nzn_winding_woodlands_5x15_crooked,
          nzn_winding_woodlands_15x15_five_gardens], layout_gridlike,
          enter_ziggurat_d, grunt_pan_entry_in_and_out, pf_coc_iceberg,
          infiniplex_staircase_pool_2
Depths:4: kb_forest_paths, layout_basic, abyss_entry, serial_shops,
          nicolae_shop_statue_plus, gammafunk_ghost_necromancy, hell_entry
Depths:5: grunt_crosshair, layout_long_grid, pan_entry,
          grunt_hell_entry_dis_grunt, nicolae_wu_jian_wuxing_cycle
Hell
Tar:1:    layout_catacombs
Tar:2:    layout_grid_maze, nicolae_tar_cuneiform_water
Tar:4:    layout_cathedral_of_symmetry, grunt_megastairs_1
Tar:6:    layout_catacombs
Tar:7:    tar_minmay_river
Zot:1:    layout_basic, st_large_dragon_hoard_3, grunt_megastairs_5
Zot:2:    gammafunk_sealed_library, layout_misc_corridors, drop_trap,
          lemuel_flame_loot_1
Zot:3:    layout_concentric_octagons, nicolae_lava_and_water, hangedman_zot_gyre
Zot:4:    layout_onion_interference
Zot:5:    layout_misc_corridors

Skill      XL: |  1  2  3  4  5  6  7  8  9 10 11 12 13 14 15 16 17 18 19 20 21 22 23 24 25 26 27 |
---------------+----------------------------------------------------------------------------------+-----
Staves         | 3 4 5 6 7 10 12 14 15 16 22 | 22.1
Fighting       | 4 5 7 10 14 15 16 17 18 19 20 25 | 25.0
Shields        | 7 12 15 16 17 18 20 22 | 22.9
Evocations     | 5 9 10 11 13 14 15 22 | 22.5
Dodging        | 5 8 9 10 16 | 16.1
Armour         | 7 10 11 12 13 15 16 17 18 20 22 | 22.5
Throwing       | 1 4 6 9 11 12 13 14 15 22 | 22.1
Stealth        | 7 10 12 14 15 17 | 17.1
Spellcasting   | 9 |  9.7
Translocations | 9 |  9.0
Invocations    | 10 | 10.1

Action                   |  1- 3 |  4- 6 |  7- 9 | 10-12 | 13-15 | 16-18 | 19-21 | 22-24 | 25-27 || total
-------------------------+-------+-------+-------+-------+-------+-------+-------+-------+-------++-------
Melee: Quarterstaff      |   100 |   147 |   325 |   581 |   660 |     5 |       |       |       ||  1818
       Lajatang          |       |       |       |       |   358 |   816 |  1296 |  1216 |  4331 ||  8017
       Unarmed           |       |       |       |       |       |     4 |       |       |       ||     4
Throw: Boomerang         |       |       |       |       |     3 |       |       |     8 |   101 ||   112
       Dart              |       |       |       |       |     1 |       |       |       |       ||     1
       Javelin           |       |       |       |       |       |     8 |       |     6 |   259 ||   273
 Cast: Lesser Beckoning  |       |       |       |       |       |       |       |       |     1 ||     1
Invok: Call Merchant     |       |       |       |     3 |     1 |     3 |     2 |       |     4 ||    13
       Potion Petition   |       |       |       |       |       |       |     1 |       |    12 ||    13
       Bribe Branch      |       |       |       |       |       |       |       |     1 |     1 ||     2
       Cleansing Flame   |       |       |       |       |       |       |       |       |    19 ||    19
       Brand Weapon With |       |       |       |       |       |       |       |       |     1 ||     1
 Abil: Dig               |       |     2 |     6 |    10 |    13 |     8 |     1 |       |     8 ||    48
       Shaft Self        |       |       |       |       |       |       |       |       |     4 ||     4
Evoke: Condenser vane    |       |       |       |       |     1 |     1 |     2 |     2 |    17 ||    23
       Phantom mirror    |       |       |       |       |       |       |       |       |    11 ||    11
       Tin of tremorston |       |       |       |       |       |       |       |       |    20 ||    20
       Box of beasts     |       |       |       |       |       |       |       |       |     4 ||     4
       Phial of floods   |       |       |       |       |       |       |       |       |     2 ||     2
  Use: Scroll            |     1 |     5 |     7 |     7 |     6 |    17 |     6 |     2 |    32 ||    83
       Potion            |       |       |     3 |     2 |       |     1 |       |     2 |    52 ||    60
 Stab: Paralysed         |       |       |     3 |     3 |       |       |       |       |       ||     6
       Invisible         |       |       |     1 |       |     7 |     2 |     7 |     2 |    17 ||    36
       Distracted        |       |       |       |     5 |     5 |    12 |    11 |    14 |    61 ||   108
       Petrified         |       |       |       |       |       |       |     4 |       |       ||     4
Armor: Scale mail        |    63 |    38 |   105 |       |       |       |       |       |       ||   206
       Chain mail        |       |       |    48 |   132 |    39 |       |       |       |       ||   219
       Gold dragon scale |       |       |       |       |   159 |   102 |   283 |   265 |  1363 ||  2172
Dodge: Dodged            |    55 |    42 |    93 |   104 |   123 |   121 |   321 |   278 |  1328 ||  2465
Block: Kite shield       |    80 |    70 |   227 |   273 |       |       |       |       |       ||   650
       Tower shield      |       |       |       |    68 |   982 |   730 |  1505 |  1285 |  5567 || 10137

Table legend: (Time is in decaauts)
 A = Elapsed time spent in this place.
 B = Non-inter-level travel time spent in this place.
 C = Inter-level travel time spent in this place.
 D = Time resting spent in this place.
 E = Time spent auto-exploring this place.
 F = Levels seen in this place.
 G = Mean time per level.
                   A        B        C        D        E       F      G
               +--------+--------+--------+--------+--------+-----+--------+
         Total |  72020 |  65929 |   6091 |   7212 |  43299 |  86 |  837.4 |
       Dungeon |  17194 |  14849 |   2345 |   1977 |  10391 |  15 | 1146.3 |
        Temple |    120 |     84 |     36 |      0 |     64 |   1 |  120.0 |
          Lair |   8484 |   7644 |    840 |   1000 |   5290 |   6 | 1414.0 |
        Shoals |   4006 |   3656 |    350 |    235 |   2720 |   4 | 1001.5 |
     Snake Pit |   5425 |   5067 |    358 |     66 |   4068 |   4 | 1356.2 |
    Slime Pits |   1497 |   1407 |     90 |     37 |    949 |   5 |  299.4 |
  Orcish Mines |   2395 |   2309 |     86 |    289 |   1420 |   2 | 1197.5 |
        Vaults |   8525 |   7652 |    873 |    270 |   5576 |   5 | 1705.0 |
         Crypt |   2706 |   2570 |    136 |    100 |   1851 |   3 |  902.0 |
        Depths |   6666 |   6149 |    517 |    246 |   4808 |   5 | 1333.2 |
          Hell |    519 |    489 |     30 |    110 |    212 |   1 |  519.0 |
      Tartarus |    469 |    439 |     30 |    154 |      0 |   5 |   93.8 |
           Zot |   6381 |   5985 |    396 |    447 |   4079 |   5 | 1276.2 |
         Abyss |   1436 |   1436 |      0 |      0 |     92 |   4 |  359.0 |
      Ziggurat |   3566 |   3566 |      0 |   1613 |    816 |  17 |  209.8 |
         Sewer |    683 |    683 |      0 |    107 |    318 |   1 |  683.0 |
        Bailey |    515 |    515 |      0 |     55 |    322 |   1 |  515.0 |
      Ice Cave |    524 |    524 |      0 |    161 |    176 |   1 |  524.0 |
      Gauntlet |    900 |    900 |      0 |    340 |    147 |   1 |  900.0 |
               +--------+--------+--------+--------+--------+-----+--------+

Top non-repeatable levels by time:
     D:6: 1970 daAuts
Vaults:5: 1927 daAuts
  Lair:2: 1872 daAuts
Vaults:1: 1856 daAuts
Depths:4: 1826 daAuts
    D:12: 1777 daAuts
Vaults:3: 1747 daAuts
     D:4: 1709 daAuts
   Zot:1: 1706 daAuts
  Lair:6: 1699 daAuts
  Lair:1: 1687 daAuts
     D:9: 1634 daAuts
 Snake:3: 1615 daAuts
   Orc:2: 1595 daAuts
     D:3: 1531 daAuts
